PAA
SPRINGFIELD SHOOTERS @ CRESCENT CITY KREWE
08/08/2042
 
TOP OF THE 1ST
Springfield Shooters batting - Pitching for Crescent City Krewe : LHP Willard Kanjuchi
Pitching: LHP Willard Kanjuchi
Batting: RHB Marcos Calvo 0-0: Ball
1-0: Ground out 4-3 (Groundball, 4, EV 94.4 MPH)
Batting: LHB Adam Lee 0-0: Ball
1-0: Swinging Strike
1-1: Ball
2-1: SINGLE (Line Drive, 8RS, EV 89.4 MPH)
Batting: RHB Gabriel Luzuriaga 0-0: Called Strike
0-1: Foul Ball, location: 2F
0-2: Ball
1-2: Grounds into double play, 5-4-3 (Groundball, 5, EV 102.5 MPH)
Top of the 1st over - 0 runs, 1 hit, 0 errors, 0 left on base; Springfield 0 - Crescent City 0
BOTTOM OF THE 1ST
Crescent City Krewe batting - Pitching for Springfield Shooters : RHP César González
Pitching: RHP César González
Batting: SHB David Knight 0-0: Called Strike
0-1: Ball
1-1: Foul Ball, location: 2F
1-2: Ball
2-2: SINGLE (Groundball, 34D, EV 106.2 MPH)
Batting: RHB Juan David Fernán 0-0: Ball
1-0: Swinging Strike
David Knight is caught stealing 2nd base 2-4
1-1: Called Strike
1-2: Ball
2-2: Strikes out swinging
Batting: RHB Norbert Schalk 0-0: Ball
1-0: Fly out, F8 (Flyball, 8RD, EV 98.1 MPH)
Bottom of the 1st over - 0 runs, 1 hit, 0 errors, 0 left on base; Springfield 0 - Crescent City 0
TOP OF THE 2ND
Springfield Shooters batting - Pitching for Crescent City Krewe : LHP Willard Kanjuchi
Batting: RHB Bo Rajat 0-0: Called Strike
0-1: Foul Ball, location: 2F
0-2: Ball
1-2: Ball
2-2: Ground out 6-3 (Groundball, 6, EV 83.8 MPH)
Batting: RHB Shi-xian Zhào 0-0: Ball
1-0: Ball
2-0: Called Strike
2-1: Ball
3-1: Base on Balls
Batting: RHB Clay Myers 0-0: Ball
1-0: Foul Ball, location: 2F
1-1: Fly out, F7 (Line Drive, 7, EV 95.6 MPH)
Batting: RHB David Báez 0-0: Called Strike
0-1: Called Strike
Shi-xian Zhào steals 2nd, throwing error, E2
Shi-xian Zhào to third
0-2: Foul Ball, location: 2F
0-2: Ball
1-2: DOUBLE (Flyball, 89XD, EV 116.9 MPH)
Shi-xian Zhào scores
Batting: LHB Ken Jackson 0-0: Called Strike
0-1: Swinging Strike
0-2: Ball
1-2: Strikes out swinging
Top of the 2nd over - 1 run, 1 hit, 1 error, 1 left on base; Springfield 1 - Crescent City 0
BOTTOM OF THE 2ND
Crescent City Krewe batting - Pitching for Springfield Shooters : RHP César González
Batting: LHB Dustin Damitz 0-0: Foul Ball, location: 2F
0-1: Foul Ball, location: 2F
0-2: Ball
1-2: Ground out 4-3 (Groundball, 4, EV 85.6 MPH)
Batting: RHB Anthony Roosemont 0-0: Called Strike
0-1: Swinging Strike
0-2: Ball
1-2: Strikes out swinging
Batting: LHB Reggie Gommers 0-0: Swinging Strike
0-1: Foul Ball, location: 2F
0-2: Ball
1-2: Strikes out looking
Bottom of the 2nd over - 0 runs, 0 hits, 0 errors, 0 left on base; Springfield 1 - Crescent City 0
TOP OF THE 3RD
Springfield Shooters batting - Pitching for Crescent City Krewe : LHP Willard Kanjuchi
Batting: RHB José Soriano 0-0: Ball
1-0: Ball
2-0: Foul Ball, location: 2F
2-1: Called Strike
2-2: Foul Ball, location: 2F
2-2: Ball
3-2: Foul Ball, location: 2F
3-2: Base on Balls
Batting: RHB Marcos Calvo 0-0: Ground out U3 (Groundball, 34S, EV 71.2 MPH)
José Soriano to second
Batting: LHB Adam Lee 0-0: Ball
1-0: Ball
2-0: Called Strike
2-1: Foul Ball, location: 2F
2-2: Strikes out swinging
Batting: RHB Gabriel Luzuriaga 0-0: Foul Ball, location: 2F
0-1: Hit by Pitch
Batting: RHB Bo Rajat 0-0: Ball
1-0: Ball
2-0: Called Strike
2-1: Ball
3-1: Swinging Strike
3-2: Strikes out swinging
Top of the 3rd over - 0 runs, 0 hits, 0 errors, 2 left on base; Springfield 1 - Crescent City 0
BOTTOM OF THE 3RD
Crescent City Krewe batting - Pitching for Springfield Shooters : RHP César González
Batting: RHB Martin Stevens 0-0: Ball
1-0: Called Strike
1-1: Swinging Strike
1-2: Foul Ball, location: 2F
1-2: Strikes out swinging
Batting: RHB Heng-zong Pao 0-0: Ball
1-0: Ball
2-0: Ground out 1-3 (Groundball, 23, EV 68.1 MPH)
Batting: RHB Aaron Powell 0-0: Fly out, F8 (Flyball, 8LM, EV 90.6 MPH)
Bottom of the 3rd over - 0 runs, 0 hits, 0 errors, 0 left on base; Springfield 1 - Crescent City 0
TOP OF THE 4TH
Springfield Shooters batting - Pitching for Crescent City Krewe : LHP Willard Kanjuchi
Batting: RHB Shi-xian Zhào 0-0: Ball
1-0: Ball
2-0: Called Strike
2-1: Swinging Strike
2-2: Foul Ball, location: 2F
2-2: SINGLE (Line Drive, 5, EV 97.5 MPH)
Batting: RHB Clay Myers 0-0: Called Strike
0-1: Ball
Wild Pitch!
Shi-xian Zhào to second
1-1: Ball
2-1: Ball
3-1: Foul Ball, location: 2F
3-2: Foul Ball, location: 2F
3-2: Base on Balls
Batting: RHB David Báez 0-0: Ball
1-0: Ball
2-0: Ball
3-0: Called Strike
3-1: Base on Balls
Shi-xian Zhào to third
Clay Myers to second
Batting: LHB Ken Jackson 0-0: Ball
1-0: Foul Ball, location: 2F
1-1: Foul Ball, location: 2F
1-2: Ball
2-2: Ball
3-2: DOUBLE (Line Drive, 89D, EV 109.4 MPH)
Shi-xian Zhào scores
Clay Myers scores
David Báez to third
Batting: RHB José Soriano 0-0: Ball
1-0: Ball
2-0: Ball
3-0: Base on Balls
Batting: RHB Marcos Calvo 0-0: Grounds into double play, 5-4-3 (Groundball, 56, EV 87.5 MPH)
David Báez scores
Ken Jackson to third
Batting: LHB Adam Lee 0-0: Called Strike
0-1: Ball
1-1: Ball
2-1: Called Strike
2-2: Strikes out swinging
Top of the 4th over - 3 runs, 2 hits, 0 errors, 1 left on base; Springfield 4 - Crescent City 0
BOTTOM OF THE 4TH
Crescent City Krewe batting - Pitching for Springfield Shooters : RHP César González
Batting: SHB David Knight 0-0: Ball
1-0: Fly out, F7 (Flyball, 7, EV 88.8 MPH)
Batting: RHB Juan David Fernán 0-0: Called Strike
0-1: Foul Ball, location: 2F
0-2: Ball
1-2: Ball
2-2: Reached on error, E4 (Groundball, 4, EV 86.9 MPH)
Batting: RHB Norbert Schalk 0-0: Ball
1-0: Fly out, F7 (Flyball, 78XD, EV 98.8 MPH)
Batting: LHB Dustin Damitz 0-0: Called Strike
0-1: Ball
1-1: Called Strike
1-2: SINGLE (Line Drive, 8LS, EV 92.5 MPH)
Juan David Fernán to second
Juan David Fernán to third
Batting: RHB Anthony Roosemont 0-0: Called Strike
0-1: Swinging Strike
0-2: Ball
1-2: Ball
2-2: Ground out 4-3 (Groundball, 34, EV 110.6 MPH)
Bottom of the 4th over - 0 runs, 1 hit, 1 error, 2 left on base; Springfield 4 - Crescent City 0
TOP OF THE 5TH
Springfield Shooters batting - Pitching for Crescent City Krewe : LHP Willard Kanjuchi
Batting: RHB Gabriel Luzuriaga 0-0: Ball
1-0: Ball
2-0: Ball
3-0: Base on Balls
Batting: RHB Bo Rajat 0-0: Ball
1-0: Ball
2-0: Foul Ball, location: 2F
2-1: Grounds into double play, 6-4-3 (Groundball, 6, EV 90.0 MPH)
Batting: RHB Shi-xian Zhào 0-0: Ball
1-0: Ball
2-0: Ball
3-0: Called Strike
3-1: Foul Ball, location: 2F
3-2: Foul Ball, location: 2F
3-2: Foul Ball, location: 2F
3-2: Foul Ball, location: 2F
3-2: Ground out 6-3 (Groundball, 56, EV 90.6 MPH)
Top of the 5th over - 0 runs, 0 hits, 0 errors, 0 left on base; Springfield 4 - Crescent City 0
BOTTOM OF THE 5TH
Crescent City Krewe batting - Pitching for Springfield Shooters : RHP César González
Batting: LHB Reggie Gommers 0-0: Ground out 4-3 (Groundball, 4, EV 102.5 MPH)
Batting: RHB Martin Stevens 0-0: Called Strike
0-1: Ball
1-1: Foul Ball, location: 2F
1-2: Ball
2-2: Foul Ball, location: 2F
2-2: Ball
3-2: Base on Balls
Batting: RHB Heng-zong Pao 0-0: Ball
1-0: Grounds into double play, 6-4-3 (Groundball, 6, EV 102.5 MPH)
Bottom of the 5th over - 0 runs, 0 hits, 0 errors, 0 left on base; Springfield 4 - Crescent City 0
TOP OF THE 6TH
Springfield Shooters batting - Pitching for Crescent City Krewe : LHP Willard Kanjuchi
Pitching: LHP Héctor Sanz
Batting: RHB Clay Myers 0-0: Called Strike
0-1: Ball
1-1: Ball
2-1: Foul Ball, location: 2F
2-2: Ball
3-2: Ground out 4-3 (Groundball, 4, EV 83.1 MPH)
Batting: RHB David Báez 0-0: SINGLE (Flyball, 89S, EV 88.8 MPH)
Batting: LHB Ken Jackson 0-0: Ball
1-0: Fielders Choice at 2nd, 5-4 (Groundball, 56S, EV 90.0 MPH)
Batting: RHB José Soriano 0-0: Ball
1-0: Ground out 5-3 (Groundball, 56S, EV 90.6 MPH)
Top of the 6th over - 0 runs, 1 hit, 0 errors, 1 left on base; Springfield 4 - Crescent City 0
BOTTOM OF THE 6TH
Crescent City Krewe batting - Pitching for Springfield Shooters : RHP César González
Batting: RHB Aaron Powell 0-0: Called Strike
0-1: Ball
1-1: Ball
2-1: Called Strike
2-2: Ground out 4-3 (Groundball, 4M, EV 85.6 MPH)
Batting: SHB David Knight 0-0: Ball
1-0: Fly out, F8 (Flyball, 8RD, EV 90.0 MPH)
Batting: RHB Juan David Fernán 0-0: SINGLE (Groundball, 13S, EV 66.9 MPH) (infield hit)
Batting: RHB Norbert Schalk 0-0: Swinging Strike
0-1: Foul Ball, location: 2F
0-2: Ground out 4-3 (Groundball, 4M, EV 106.2 MPH)
Bottom of the 6th over - 0 runs, 1 hit, 0 errors, 1 left on base; Springfield 4 - Crescent City 0
TOP OF THE 7TH
Springfield Shooters batting - Pitching for Crescent City Krewe : LHP Héctor Sanz
Batting: RHB Marcos Calvo 0-0: Ball
1-0: Fly out, F8 (Flyball, 8LM, EV 86.2 MPH)
Batting: LHB Adam Lee 0-0: Foul Ball, location: 2F
0-1: Called Strike
0-2: Foul Ball, location: 2F
0-2: Foul Ball, location: 2F
0-2: Strikes out swinging
Batting: RHB Gabriel Luzuriaga 0-0: SINGLE (Line Drive, 9S, EV 85.6 MPH)
Batting: RHB Bo Rajat 0-0: Called Strike
0-1: Ball
1-1: Ball
2-1: Ball
3-1: Called Strike
3-2: Fly out, F3 (Popup, 3, EV 76.2 MPH)
Top of the 7th over - 0 runs, 1 hit, 0 errors, 1 left on base; Springfield 4 - Crescent City 0
BOTTOM OF THE 7TH
Crescent City Krewe batting - Pitching for Springfield Shooters : RHP César González
Now at SS: Jorge Pagán
Batting: LHB Dustin Damitz 0-0: SINGLE (Line Drive, 7S, EV 96.9 MPH)
Batting: RHB Anthony Roosemont 0-0: Called Strike
0-1: Fielders Choice at 2nd, 6-4 (Groundball, 6, EV 84.4 MPH)
Batting: LHB Reggie Gommers 0-0: Called Strike
0-1: Fly out, F8 (Line Drive, 8LD, EV 108.8 MPH)
Batting: RHB Martin Stevens 0-0: Ball
1-0: Fly out, F8 (Flyball, 8LM, EV 84.4 MPH)
Bottom of the 7th over - 0 runs, 1 hit, 0 errors, 1 left on base; Springfield 4 - Crescent City 0
TOP OF THE 8TH
Springfield Shooters batting - Pitching for Crescent City Krewe : LHP Héctor Sanz
Batting: RHB Shi-xian Zhào 0-0: Ball
1-0: Foul Ball, location: 2F
1-1: Called Strike
1-2: Foul Ball, location: 2F
1-2: Foul Ball, location: 2F
1-2: Ball
2-2: SINGLE (Flyball, 4D, EV 88.1 MPH)
Batting: RHB Clay Myers 0-0: Sac Bunt to 5S - play at first, batter OUT! 5-3
Shi-xian Zhào to second
Batting: RHB David Báez 0-0: Called Strike
0-1: SINGLE (Flyball, 89M, EV 89.4 MPH)
Shi-xian Zhào to third
Runner from 3rd tries for Home, SAFE, throw by CF to home
Batting: LHB Ken Jackson 0-0: Called Strike
0-1: Called Strike
0-2: Fly out, F9 (Flyball, 9, EV 92.5 MPH)
Batting: RHB José Soriano 0-0: Ball
1-0: Ball
2-0: Ball
3-0: Called Strike
3-1: Foul Ball, location: 2F
3-2: Ground out 6-3 (Groundball, 4M, EV 87.5 MPH)
Top of the 8th over - 1 run, 2 hits, 0 errors, 1 left on base; Springfield 5 - Crescent City 0
BOTTOM OF THE 8TH
Crescent City Krewe batting - Pitching for Springfield Shooters : RHP César González
Batting: RHB Heng-zong Pao 0-0: Ground out 5-3 (Groundball, 56, EV 77.5 MPH)
Batting: RHB Aaron Powell 0-0: Foul Ball, location: 2F
0-1: Ball
1-1: Foul Ball, location: 2F
1-2: Fly out, F9 (Line Drive, 9, EV 93.8 MPH)
Batting: SHB David Knight 0-0: Called Strike
0-1: Foul Ball, location: 2F
0-2: Ball
1-2: Foul Ball, location: 2F
1-2: Ball
2-2: Foul Ball, location: 2F
2-2: SINGLE (Groundball, 34D, EV 104.4 MPH)
Pitching: LHP Vasquo Lousada
Batting: RHB Juan David Fernán 0-0: Ball
1-0: SINGLE (Groundball, 34D, EV 103.1 MPH)
David Knight to second
Runner from 2nd tries for 3rd, SAFE, throw by RF made to third
Batting: RHB Norbert Schalk 0-0: Ball
1-0: Ball
2-0: Fly out, F8 (Flyball, 89M, EV 74.4 MPH)
Bottom of the 8th over - 0 runs, 2 hits, 0 errors, 2 left on base; Springfield 5 - Crescent City 0
TOP OF THE 9TH
Springfield Shooters batting - Pitching for Crescent City Krewe : LHP Héctor Sanz
Batting: RHB Marcos Calvo 0-0: Foul Ball, location: 2F
0-1: Ground out 6-3 (Groundball, 6, EV 107.5 MPH)
Batting: LHB Adam Lee 0-0: Swinging Strike
0-1: Swinging Strike
0-2: Foul Ball, location: 2F
0-2: Ball
1-2: Strikes out swinging
Batting: RHB Jorge Pagán 0-0: Called Strike
0-1: Ball
1-1: Swinging Strike
1-2: Fly out, F6 (Popup, 6S, EV 66.2 MPH)
Top of the 9th over - 0 runs, 0 hits, 0 errors, 0 left on base; Springfield 5 - Crescent City 0
BOTTOM OF THE 9TH
Crescent City Krewe batting - Pitching for Springfield Shooters : LHP Vasquo Lousada
Batting: LHB Dustin Damitz 0-0: Ball
1-0: Called Strike
1-1: Foul Ball, location: 2F
1-2: Foul Ball, location: 2F
1-2: Ground out 6-3 (Groundball, 6M, EV 84.4 MPH)
Batting: RHB Anthony Roosemont 0-0: Called Strike
0-1: Ball
1-1: Fly out, F9 (Flyball, 9S, EV 88.8 MPH)
Batting: LHB Reggie Gommers 0-0: Ball
1-0: Ball
2-0: Ground out 4-3 (Groundball, 4, EV 106.9 MPH)
Bottom of the 9th over - 0 runs, 0 hits, 0 errors, 0 left on base; Springfield 5 - Crescent City 0
Friday, March 26th, 2021 - OOTP Baseball 20.8 Build 74